TOP OF THE 1ST |
Kannapolis Intimidators batting - Pitching for Cedar Rapids Kernels : RHP Matthew Lange
|
Pitching: RHP Matthew Lange
|
|
Batting: LHB John Thurman
|
0-0: Ball 1-0: Ground out 1-3 (Groundball, 13S, EV 68.1 MPH)
|
Batting: RHB Mike Warzecha
|
0-0: Foul Ball, location: 2F 0-1: Ball 1-1: Ball 2-1: Foul Ball, location: 2F 2-2: Ball 3-2: Foul Ball, location: 2F 3-2: Strikes out swinging
|
Batting: LHB Angel Tellez
|
0-0: Ball 1-0: Called Strike 1-1: Ball 2-1: Ball 3-1: Base on Balls
|
Batting: LHB Alberto Carrasco
|
0-0: SINGLE (Groundball, 6MD, EV 100.0 MPH) Angel Tellez to second
|
Batting: RHB Micah Brown
|
0-0: Called Strike 0-1: TRIPLE (Line Drive, 78XD, EV 98.1 MPH) Angel Tellez scores Alberto Carrasco scores
|
Batting: RHB Benny O'Connor
|
0-0: Ball 1-0: SINGLE (Flyball, 8RS, EV 84.4 MPH) Micah Brown scores
|
Batting: RHB Mark Jones
|
0-0: Ball 1-0: Swinging Strike 1-1: Ground out 6-3 (Groundball, 6S, EV 81.2 MPH)
|
Top of the 1st over - 3 runs, 3 hits, 0 errors, 1 left on base; Kannapolis 3 - Cedar Rapids 0 |
BOTTOM OF THE 1ST |
Cedar Rapids Kernels batting - Pitching for Kannapolis Intimidators : RHP Matt Hastings
|
Pitching: RHP Matt Hastings
|
|
Batting: LHB Jim Pankratz
|
0-0: Ball 1-0: SINGLE (Groundball, P, EV 88.8 MPH) (infield hit)
|
Batting: SHB Shohei Fujii
|
0-0: Ball 1-0: Foul Ball, location: 2F 1-1: Ball 2-1: Called Strike Jim Pankratz steals 2nd base 2-2: Ground out U3 (Groundball, 3S, EV 87.5 MPH) Jim Pankratz to third
|
Batting: RHB J.J. Powers
|
0-0: Ball 1-0: Ground out 6-3 (Groundball, 56, EV 100.6 MPH) Jim Pankratz scores
|
Batting: LHB Israel Montoya
|
0-0: Ball 1-0: Fly out, F8 (Flyball, 8LM, EV 93.8 MPH)
|
Bottom of the 1st over - 1 run, 1 hit, 0 errors, 0 left on base; Kannapolis 3 - Cedar Rapids 1 |
TOP OF THE 2ND |
Kannapolis Intimidators batting - Pitching for Cedar Rapids Kernels : RHP Matthew Lange
|
Batting: RHB Danny Longoria
|
0-0: Ball 1-0: Ball 2-0: Ground out 5-3 (Groundball, 56S, EV 91.2 MPH)
|
Batting: RHB Ching-hsia Zhang
|
0-0: Ground out 4-3 (Groundball, 4, EV 80.0 MPH)
|
Batting: LHB John Thurman
|
0-0: Ground out 4-3 (Groundball, 4S, EV 88.1 MPH)
|
Top of the 2nd over - 0 runs, 0 hits, 0 errors, 0 left on base; Kannapolis 3 - Cedar Rapids 1 |
BOTTOM OF THE 2ND |
Cedar Rapids Kernels batting - Pitching for Kannapolis Intimidators : RHP Matt Hastings
|
Batting: RHB Mike Craver
|
0-0: Ball 1-0: Called Strike 1-1: Fly out, F4 (Popup, 4, EV 73.8 MPH)
|
Batting: LHB Mike Handrahan
|
0-0: Ball 1-0: Ball 2-0: Called Strike 2-1: Ball 3-1: Ground out 6-3 (Groundball, P, EV 85.0 MPH)
|
Batting: RHB Jake Wirthlin
|
0-0: Ground out 6-3 (Groundball, 6, EV 102.5 MPH)
|
Bottom of the 2nd over - 0 runs, 0 hits, 0 errors, 0 left on base; Kannapolis 3 - Cedar Rapids 1 |
TOP OF THE 3RD |
Kannapolis Intimidators batting - Pitching for Cedar Rapids Kernels : RHP Matthew Lange
|
Batting: RHB Mike Warzecha
|
0-0: Swinging Strike 0-1: Ball 1-1: Called Strike 1-2: Foul Ball, location: 2F 1-2: Ball 2-2: Foul Ball, location: 2F 2-2: Ground out 2-3 (Groundball, 15S, EV 70.0 MPH)
|
Batting: LHB Angel Tellez
|
0-0: Ground out U3 (Groundball, 3, EV 93.8 MPH)
|
Batting: LHB Alberto Carrasco
|
0-0: Foul Ball, location: 2F 0-1: Swinging Strike 0-2: Ball 1-2: Foul Ball, location: 2F 1-2: Ball 2-2: Foul Ball, location: 2F 2-2: DOUBLE (Line Drive, 5D, EV 98.8 MPH)
|
Batting: RHB Micah Brown
|
0-0: Fly out, F8 (Flyball, 78XD, EV 93.1 MPH)
|
Top of the 3rd over - 0 runs, 1 hit, 0 errors, 1 left on base; Kannapolis 3 - Cedar Rapids 1 |
BOTTOM OF THE 3RD |
Cedar Rapids Kernels batting - Pitching for Kannapolis Intimidators : RHP Matt Hastings
|
Batting: RHB Orlando Blanco
|
0-0: Ball 1-0: Ball 2-0: Ball 3-0: Called Strike 3-1: Foul Ball, location: 2F 3-2: Foul Ball, location: 2F 3-2: Ground out U3 (Groundball, 3S, EV 64.4 MPH)
|
Batting: SHB Duri Chilemba
|
0-0: SINGLE (Groundball, 13, EV 84.4 MPH) (infield hit)
|
Batting: LHB Jim Pankratz
|
0-0: Called Strike Duri Chilemba steals 2nd, throwing error, E2 Duri Chilemba to third 0-1: Called Strike 0-2: Strikes out looking
|
Batting: SHB Shohei Fujii
|
0-0: Ball 1-0: Swinging Strike 1-1: Ball 2-1: Ball 3-1: Base on Balls
|
Batting: RHB J.J. Powers
|
0-0: SINGLE (Groundball, 6MS, EV 69.4 MPH) (infield hit) Duri Chilemba scores Shohei Fujii to second
|
Batting: LHB Israel Montoya
|
0-0: Called Strike 0-1: Foul Ball, location: 2F 0-2: Strikes out swinging
|
Bottom of the 3rd over - 1 run, 2 hits, 1 error, 2 left on base; Kannapolis 3 - Cedar Rapids 2 |
TOP OF THE 4TH |
Kannapolis Intimidators batting - Pitching for Cedar Rapids Kernels : RHP Matthew Lange
|
Batting: RHB Benny O'Connor
|
0-0: Ball 1-0: Ball 2-0: Called Strike 2-1: Ground out 6-3 (Groundball, 6, EV 106.9 MPH)
|
Batting: RHB Mark Jones
|
0-0: Called Strike 0-1: Ball 1-1: Fly out, F9 (Line Drive, 9, EV 94.4 MPH)
|
Batting: RHB Danny Longoria
|
0-0: Ball 1-0: Ball 2-0: Foul Ball, location: 2F 2-1: Called Strike 2-2: Ball 3-2: Strikes out swinging
|
Top of the 4th over - 0 runs, 0 hits, 0 errors, 0 left on base; Kannapolis 3 - Cedar Rapids 2 |
BOTTOM OF THE 4TH |
Cedar Rapids Kernels batting - Pitching for Kannapolis Intimidators : RHP Matt Hastings
|
Batting: RHB Mike Craver
|
0-0: Swinging Strike 0-1: Ball 1-1: Foul Ball, location: 2F 1-2: Ground out 4-3 (Groundball, 4S, EV 94.4 MPH)
|
Batting: LHB Mike Handrahan
|
0-0: Called Strike 0-1: Ball 1-1: Ball 2-1: Ball 3-1: Foul Ball, location: 2F 3-2: Base on Balls
|
Batting: RHB Jake Wirthlin
|
0-0: Ball 1-0: Grounds into double play, 5-4-3 (Groundball, 5, EV 83.8 MPH)
|
Bottom of the 4th over - 0 runs, 0 hits, 0 errors, 0 left on base; Kannapolis 3 - Cedar Rapids 2 |
TOP OF THE 5TH |
Kannapolis Intimidators batting - Pitching for Cedar Rapids Kernels : RHP Matthew Lange
|
Batting: RHB Ching-hsia Zhang
|
0-0: Ground out 5-3 (Groundball, 5, EV 85.6 MPH)
|
Batting: LHB John Thurman
|
0-0: Ball 1-0: Ball 2-0: Foul Ball, location: 2F 2-1: Foul Ball, location: 2F 2-2: Ball 3-2: Foul Ball, location: 2F 3-2: Foul Ball, location: 2F 3-2: SINGLE (Groundball, 4, EV 100.0 MPH)
|
Batting: RHB Mike Warzecha
|
0-0: Called Strike 0-1: Ball 1-1: Fly out, F9 (Flyball, 9S, EV 82.5 MPH)
|
Batting: LHB Angel Tellez
|
0-0: Ball John Thurman is caught stealing 2nd base 2-6
|
Top of the 5th over - 0 runs, 1 hit, 0 errors, 0 left on base; Kannapolis 3 - Cedar Rapids 2 |
BOTTOM OF THE 5TH |
Cedar Rapids Kernels batting - Pitching for Kannapolis Intimidators : RHP Matt Hastings
|
Batting: RHB Orlando Blanco
|
0-0: Ball 1-0: Called Strike 1-1: SINGLE (Line Drive, 6D, EV 95.0 MPH)
|
Batting: SHB Duri Chilemba
|
0-0: Ball Orlando Blanco is caught stealing 2nd base 2-6 1-0: Ground out U3 (Groundball, 3S, EV 85.6 MPH)
|
Batting: LHB Jim Pankratz
|
0-0: Called Strike 0-1: Ball 1-1: Ball 2-1: Swinging Strike 2-2: Ball 3-2: Strikes out swinging
|
Bottom of the 5th over - 0 runs, 1 hit, 0 errors, 0 left on base; Kannapolis 3 - Cedar Rapids 2 |
TOP OF THE 6TH |
Kannapolis Intimidators batting - Pitching for Cedar Rapids Kernels : RHP Matthew Lange
|
Batting: LHB Angel Tellez
|
0-0: Ball 1-0: Ball 2-0: Ball 3-0: Called Strike 3-1: Called Strike 3-2: SOLO HOME RUN (Flyball, 9LD, EV 93.8 MPH), Distance : 338 ft
|
Batting: LHB Alberto Carrasco
|
0-0: Called Strike 0-1: SOLO HOME RUN (Flyball, 89XD, EV 104.4 MPH), Distance : 415 ft
|
Batting: RHB Micah Brown
|
0-0: Called Strike 0-1: Foul Ball, location: 2F 0-2: Foul Ball, location: 2F 0-2: Ball 1-2: Foul Ball, location: 2F 1-2: Ball 2-2: Fly out, F3 (Popup, 23F, EV 80.0 MPH)
|
Pitching: RHP Andy Symons
|
|
Batting: RHB Benny O'Connor
|
0-0: Ball 1-0: Ball 2-0: Fly out, F9 (Flyball, 89S, EV 85.6 MPH)
|
Batting: RHB Mark Jones
|
0-0: Called Strike 0-1: Called Strike 0-2: Ball 1-2: Foul Ball, location: 2F 1-2: Ground out 5-3 (Groundball, 5S, EV 78.8 MPH)
|
Top of the 6th over - 2 runs, 2 hits, 0 errors, 0 left on base; Kannapolis 5 - Cedar Rapids 2 |
BOTTOM OF THE 6TH |
Cedar Rapids Kernels batting - Pitching for Kannapolis Intimidators : RHP Matt Hastings
|
Batting: SHB Shohei Fujii
|
0-0: Called Strike 0-1: SINGLE (Line Drive, 7S, EV 95.6 MPH)
|
Batting: RHB J.J. Powers
|
0-0: Ball Shohei Fujii steals 2nd base (no throw) 1-0: Foul Ball, location: 2F 1-1: Ground out 6-3 (Groundball, 6, EV 103.8 MPH)
|
Batting: LHB Israel Montoya
|
0-0: Called Strike 0-1: Called Strike 0-2: Ball 1-2: Strikes out swinging
|
Batting: RHB Mike Craver
|
0-0: Ball 1-0: Swinging Strike 1-1: Called Strike 1-2: Ball 2-2: Strikes out looking
|
Bottom of the 6th over - 0 runs, 1 hit, 0 errors, 1 left on base; Kannapolis 5 - Cedar Rapids 2 |
TOP OF THE 7TH |
Kannapolis Intimidators batting - Pitching for Cedar Rapids Kernels : RHP Andy Symons
|
Batting: RHB Danny Longoria
|
0-0: Swinging Strike 0-1: Foul Ball, location: 2F 0-2: Strikes out swinging
|
Batting: RHB Ching-hsia Zhang
|
0-0: Ball 1-0: Called Strike 1-1: Foul Ball, location: 2F 1-2: Foul Ball, location: 2F 1-2: Strikes out looking
|
Batting: LHB John Thurman
|
0-0: Ball 1-0: Hit by Pitch
|
Batting: RHB Mike Warzecha
|
0-0: Ball 1-0: Ball 2-0: Ball John Thurman steals 2nd base (no throw) 3-0: Called Strike 3-1: Fly out, F7 (Flyball, 78M, EV 76.9 MPH)
|
Top of the 7th over - 0 runs, 0 hits, 0 errors, 1 left on base; Kannapolis 5 - Cedar Rapids 2 |
BOTTOM OF THE 7TH |
Cedar Rapids Kernels batting - Pitching for Kannapolis Intimidators : RHP Matt Hastings
|
Batting: LHB Mike Handrahan
|
0-0: Ball 1-0: Foul Ball, location: 2F 1-1: Ball 2-1: Foul Ball, location: 2F 2-2: Strikes out swinging
|
Batting: RHB Jake Wirthlin
|
0-0: Ball 1-0: SINGLE (Groundball, 56D, EV 100.6 MPH)
|
Batting: RHB Orlando Blanco
|
0-0: Ball 1-0: Called Strike 1-1: Called Strike 1-2: Foul Ball, location: 2F 1-2: Strikes out swinging
|
Batting: SHB Duri Chilemba
|
0-0: Ball 1-0: Foul Ball, location: 2F 1-1: Ball 2-1: Fielders Choice at 2nd, 6-4 (Groundball, 56, EV 81.2 MPH)
|
Bottom of the 7th over - 0 runs, 1 hit, 0 errors, 1 left on base; Kannapolis 5 - Cedar Rapids 2 |
TOP OF THE 8TH |
Kannapolis Intimidators batting - Pitching for Cedar Rapids Kernels : RHP Andy Symons
|
Pitching: RHP Bruce Wight
|
|
Batting: LHB Angel Tellez
|
0-0: SINGLE (Line Drive, 8RS, EV 109.4 MPH)
|
Batting: LHB Alberto Carrasco
|
0-0: Ball 1-0: Swinging Strike 1-1: Ball 2-1: Ball 3-1: Base on Balls Angel Tellez to second
|
Batting: RHB Micah Brown
|
0-0: Swinging Strike 0-1: Ball 1-1: Ball 2-1: Ball 3-1: SINGLE (Flyball, 78S, EV 97.5 MPH) Angel Tellez to third Alberto Carrasco to second
|
Batting: RHB Benny O'Connor
|
0-0: Swinging Strike 0-1: Ball 1-1: Foul Ball, location: 2F 1-2: Strikes out swinging
|
Batting: RHB Mark Jones
|
0-0: Ball 1-0: Foul Ball, location: 2F 1-1: Swinging Strike 1-2: GRAND SLAM HOME RUN (Line Drive, 78XD, EV 103.1 MPH), Distance : 405 ft
|
Pitching: LHP Mark Challinor
|
|
Batting: RHB Danny Longoria
|
0-0: Ball 1-0: Ball 2-0: Swinging Strike 2-1: Foul Ball, location: 2F 2-2: Foul Ball, location: 2F 2-2: SINGLE (Line Drive, 6D, EV 99.4 MPH)
|
Batting: RHB Ching-hsia Zhang
|
0-0: Swinging Strike 0-1: Ball 1-1: SINGLE (Groundball, 4S, EV 66.9 MPH) (infield hit) Danny Longoria to second
|
Pinch Hitting: RHB Omar Lopez
|
0-0: Called Strike 0-1: Ball 1-1: Fly out, F9 (Flyball, 9D, EV 100.0 MPH)
|
Batting: RHB Mike Warzecha
|
0-0: DOUBLE (Groundball, 5L, EV 107.5 MPH) Danny Longoria scores Ching-hsia Zhang to third Runner from 3rd tries for Home, SAFE, no throw by LF
|
Pinch Hitting: LHB Joe Kirkland
|
0-0: Ball 1-0: Ball 2-0: Called Strike 2-1: Ball 3-1: Base on Balls
|
Batting: LHB Alberto Carrasco
|
0-0: Ball 1-0: Foul Ball, location: 2F 1-1: Foul Ball, location: 2F 1-2: Fielders Choice at 2nd, U4 (Groundball, 4M, EV 101.9 MPH)
|
Top of the 8th over - 6 runs, 6 hits, 0 errors, 2 left on base; Kannapolis 11 - Cedar Rapids 2 |
BOTTOM OF THE 8TH |
Cedar Rapids Kernels batting - Pitching for Kannapolis Intimidators : RHP Matt Hastings
|
Now in LF: Omar Lopez
|
|
Now in CF: Alberto Carrasco
|
|
Now in RF: Joe Kirkland
|
|
Batting: LHB Jim Pankratz
|
0-0: Ground out 1-3 (Groundball, 13, EV 68.1 MPH)
|
Batting: SHB Shohei Fujii
|
0-0: Ground out 4-3 (Groundball, 4, EV 85.0 MPH)
|
Batting: RHB J.J. Powers
|
0-0: Ground out 6-3 (Groundball, 6, EV 104.4 MPH)
|
Bottom of the 8th over - 0 runs, 0 hits, 0 errors, 0 left on base; Kannapolis 11 - Cedar Rapids 2 |
TOP OF THE 9TH |
Kannapolis Intimidators batting - Pitching for Cedar Rapids Kernels : LHP Mark Challinor
|
Pinch Hitting: LHB Preston Knaak
|
0-0: Called Strike 0-1: Foul Ball, location: 2F 0-2: Foul Ball, location: 2F 0-2: Ball 1-2: Strikes out swinging
|
Batting: RHB Benny O'Connor
|
0-0: Ground out U3 (Groundball, 34, EV 106.2 MPH)
|
Batting: RHB Mark Jones
|
0-0: Called Strike 0-1: Foul Ball, location: 2F 0-2: Ball 1-2: Ball 2-2: Foul Ball, location: 2F 2-2: Ball 3-2: Foul Ball, location: 2F 3-2: Foul Ball, location: 2F 3-2: Base on Balls
|
Batting: RHB Danny Longoria
|
0-0: Fly out, F8 (Flyball, 8RXD, EV 91.9 MPH)
|
Top of the 9th over - 0 runs, 0 hits, 0 errors, 1 left on base; Kannapolis 11 - Cedar Rapids 2 |
BOTTOM OF THE 9TH |
Cedar Rapids Kernels batting - Pitching for Kannapolis Intimidators : RHP Matt Hastings
|
Now at C: Preston Knaak
|
|
Batting: LHB Israel Montoya
|
0-0: Swinging Strike 0-1: Swinging Strike 0-2: Foul Ball, location: 2F 0-2: Strikes out swinging
|
Batting: RHB Mike Craver
|
0-0: Called Strike 0-1: Ball 1-1: Ball 2-1: Ground out 6-3 (Groundball, 6, EV 103.8 MPH)
|
Pitching: RHP Jose Leal
|
|
Batting: LHB Mike Handrahan
|
0-0: Foul Ball, location: 2F 0-1: Ball 1-1: Called Strike 1-2: Strikes out swinging
|
Bottom of the 9th over - 0 runs, 0 hits, 0 errors, 0 left on base; Kannapolis 11 - Cedar Rapids 2 |
|